 Dungeon Crawl Stone Soup version 0.31-a0-986-g5e6e4ef867 (webtiles) character file.

Game seed: 14292913155851944847

94 backslashecho the Trooper (level 4, -3/37 HPs)
             Began as a Mummy Fighter on Nov 11, 2023.
             Slain by a wight
             ... wielding a +0 spear
              (5 damage)
             ... in a sewer.
             The game lasted 00:04:34 (1806 turns).

backslashecho the Trooper (Mummy Fighter)           Turns: 1806, Time: 00:04:34

Health: -3/37      AC:  7    Str: 21    XL:     4   Next: 38%
Magic:  4/4        EV:  9    Int:  7    God:
Gold:   109        SH:  4    Dex: 11    Spells: 3/3 levels left

rFire   x . .        a - +0 war axe
rCold   + . .        c - +0 buckler
rNeg    + + +        l - +0 scale mail
rPois   ∞            (no helmet)
rElec   .            e - +0 cloak
rCorr   .            (no gloves)
SInv    .            (no boots)
Will    .....        (no amulet) Stlth
                     (no ring)
HPRegen 0.26/turn    (no ring)
MPRegen 0.09/turn

%: faith
@: no status effects
A: cold resistance 1, negative energy resistance 3, torment resistance 2, heat
vulnerability 1, in touch with death 1, no potions, faith
a: no special abilities


You were in a sewer.
You visited 1 branch of the dungeon, and saw 3 of its levels.
You also visited: Sewer.

You collected 109 gold pieces.

Inventory:

Hand Weapons
 a - a +0 war axe (weapon)
 b - a +3 mace of draining
 n - a +0 whip of venom
Armour
 c - a +0 buckler (worn)
 e - a +0 cloak (worn)
 l - a +0 scale mail (worn)
Scrolls
 d - a scroll of revelation {unknown}
 f - 2 scrolls of teleportation {unknown}
 g - a scroll of silence {unknown}
 h - 3 scrolls of identify {unknown}
 i - a scroll of blinking {unknown}
 j - a scroll of noise {unknown}
 k - a scroll of vulnerability {unknown}
 m - a scroll of fog {unknown}


   Skills:
 + Level 3.7 Fighting
 * Level 2.9 Axes
 - Level 2.4 Armour
 + Level 3.0 Shields


You had 3 spell levels left.
You didn't know any spells.
Your spell library was empty.

Dungeon Overview and Level Annotations

Branches:
Dungeon (3/15)              Sewer (1/1)

Altars:

Shops:
D:2 *!   D:3 [


Innate Abilities, Weirdness & Mutations

You are immune to poison.
Your flesh is cold resistant. (rC+)
You are immune to negative energy. (rN+++)
You are immune to unholy pain and torment.
You are vulnerable to heat. (rF-)
You are in touch with the powers of death.
You do not drink.
You have a special connection with the divine. (Faith)


Message History

You barely miss the kobold. You hit the wight but do no damage.
The kobold hits you but does no damage.
The kobold hits you with a +0 short sword.
The wight hits you with a +0 spear. The kobold hits you but does no damage.
The kobold hits you with a +0 short sword.
The wight barely misses you.
You take 3 damage, and have 26/37 hp.
You closely miss the kobold.
The kobold is moderately wounded.
You hit the kobold but do no damage. You hit the wight.
The kobold hits you but does no damage. The kobold closely misses you.
You block the wight's attack.
You barely miss the wight.
The wight is heavily damaged.
You hit the kobold. You barely miss the kobold. The kobold misses you.
You block the kobold's attack. The wight hits you with a +0 spear.
The kobold barely misses you. You block the kobold's attack.
You hit the wight but do no damage.
The wight is heavily damaged.
You slash the kobold!
You kill the kobold!
You hit the kobold. You block the bat's attack. You block the wight's attack.
The kobold hits you but does no damage. The wight hits you with a +0 spear.
You take 6 damage, and have 20/37 hp.
You closely miss the wight.
The wight is heavily damaged.
You slash the kobold!
You kill the kobold!
The bat hits you but does no damage. The bat hits you.
The wight hits you with a +0 spear!
* * * LOW HITPOINT WARNING * * *
You take 10 damage, and have 10/37 hp.
MASSIVE DAMAGE!!
You are too injured to fight recklessly!
You barely miss the wight.
The wight is heavily damaged.
You block the bat's attack. The wight hits you with a +0 spear.
* * * LOW HITPOINT WARNING * * *
The wight hits you with a +0 spear.
* * * LOW HITPOINT WARNING * * *
You take 8 damage, and have 2/37 hp.
MASSIVE DAMAGE!!
Unknown command.
Unknown command.
Press: ? - help, v - describe, . - travel
Here: a wight, wielding a +0 spear and wearing a +0 robe (moderately damaged)
The floor.
Unknown command.
The bat attacks as it pursues you! The bat completely misses you.
The bat hits you but does no damage.
The wight hits you from afar with a +0 spear.
You die...

≈≈≈≈≈≈≈≈≈≈~≈.+.~≈#
≈≈≈≈≈≈≈≈≈≈≈~.#.~~#
≈≈≈≈≈≈≈≈≈≈~..#.~~#
≈≈≈≈≈≈≈≈≈≈≈~.#.~≈#
≈≈≈≈≈≈≈≈≈≈~..#.≈≈# +++##
~≈≈≈≈~≈~≈~...#.≈≈# .....#
#≈#≈≈###≈#.####.###..⌠...
....)......≈~#...#b....⌠.
).†.(.....≈≈≈≈..@'z⌠._...
...........≈≈#...#)....⌠.
~##~##~###.####.###..⌠...
≈≈≈≈~≈≈≈≈....#.≈~# .....#
≈≈≈≈≈≈≈≈≈≈~..#.~≈# +++##
≈≈≈≈≈≈≈≈≈≈≈≈.#.~~#
≈≈≈≈≈≈≈≈≈≈≈~.#.)≈#
≈≈≈≈≈≈≈≈≈≈≈~)#(≈≈#
≈≈≈≈≈≈≈~.)'†.≈#


You could see a wight and a bat.

Vanquished Creatures
  3 adders
  A dart slug (D:2)
  11 ball pythons
  2 bats
  7 endoplasms
  A giant cockroach (D:2)
  6 goblins
  2 hobgoblins (D:1)
  4 jackals (D:1)
  3 quokkas
  A frilled lizard (D:2)
  16 kobolds
  A kobold zombie (Sewer)
  3 rats
61 creatures vanquished.

Notes
Turn   | Place    | Note
-------+----------+-------------------------------------------
     0 | D:1      | backslashecho the Mummy Fighter began the quest for the
                  | Orb.
     0 | D:1      | Reached XP level 1. HP: 18/18 MP: 1/1
   271 | D:1      | Reached XP level 2. HP: 20/24 MP: 2/2
   724 | D:1      | Reached XP level 3. HP: 27/29 MP: 3/3
   844 | D:2      | Found Lorchuofe's Assorted Antiques.
  1253 | D:2      | Found Pameppu's Distillery.
  1548 | D:3      | Found Jodd's Antique Armour Shop.
  1578 | D:3      | Reached XP level 4. HP: 33/36 MP: 4/4
  1584 | D:3      | Found a glowing drain.
  1593 | Sewer    | Entered a sewer
  1791 | Sewer    | Found an ancient bone altar of Kikubaaqudgha.
  1806 | Sewer    | Slain by a wight

Illustrated notes

Levels and vault maps discovered:
D:1:      dpeg_arrival_windows_large_door, layout_basic
D:2:      layout_loops_cross, serial_shops, shop, nicolae_shop_waterfront,
          minmay_tetromino_i4
D:3:      layout_rooms, mainiacjoe_overflow_tiny_flanked,
          basic_ecumenical_altar, portal_sewer_entry_d, serial_shops,
          nicolae_shop_crystal, shop, nicolae_shop_tiny_waterfront,
          chequers_decorated_corner, minmay_misc_feat_more_columns
Sewer:    kennysheep_sewer_church

Skill      XL: |  1  2  3  4 |
---------------+-------------+-----
Axes           | 2 |  2.9
Shields        | 3 |  3.0
Fighting       | |  3.7
Armour         | |  2.4

Action                     |  1- 3 |  4- 6 || total
---------------------------+-------+-------++-------
  Melee: War axe           |   104 |    42 ||   146
 Armour: Scale mail        |    77 |    45 ||   122
  Dodge: Dodged            |    45 |    30 ||    75
  Block: Buckler           |    24 |    16 ||    40

Table legend: (Time is in decaauts)
 A = Elapsed time spent in this place.
 B = Non-inter-level travel time spent in this place.
 C = Inter-level travel time spent in this place.
 D = Time resting spent in this place.
 E = Time spent auto-exploring this place.
 F = Levels seen in this place.
 G = Mean time per level.
                   A        B        C        D        E       F      G
               +--------+--------+--------+--------+--------+-----+--------+
         Total |   1873 |   1704 |    169 |     87 |   1067 |   4 |  468.2 |
       Dungeon |   1644 |   1475 |    169 |     49 |   1028 |   3 |  548.0 |
         Sewer |    228 |    228 |      0 |     38 |     39 |   1 |  228.0 |
               +--------+--------+--------+--------+--------+-----+--------+

Top non-repeatable levels by time:
     D:1: 916 daAuts
     D:2: 686 daAuts
   Sewer: 228 daAuts
     D:3: 41 daAuts
